 Dungeon Crawl Stone Soup version 0.30-a0-137-gd8773701ce (webtiles) character file.

Game seed: 381893434832004379

2 jasper the Vexing (level 1, 0/14 HPs)
             Began as a Demonspawn Enchanter on Sept 23, 2022.
             Was an Initiate of Ashenzari.
             Frozen to death by an endoplasm (5 damage)
             ... on level 1 of the Dungeon.
             The game lasted 00:00:54 (296 turns).

jasper the Vexing (Demonspawn Enchanter)             Turns: 296, Time: 00:00:55

Health: 0/14       AC:  2    Str:  8    XL:     1   Next: 33%
Magic:  3/3        EV: 12    Int: 16    God:    Ashenzari [......]
Gold:   20         SH:  0    Dex: 13    Spells: 4/4 levels left

rFire   . . .      SeeInvis .    a - +1 dagger of the Profound Regret {Cun, Melee} (curse)
rCold   . . .      Faith    .    (no shield)
rNeg    . . .      Spirit   .    b - +0 robe
rPois   .          Reflect  .    (no helmet)
rElec   .          Harm     .    (no cloak)
rCorr   .          Rampage  .    (no gloves)
Will    .....                    (no boots)
Stlth   ++........               (no amulet)
HPRegen 0.04/turn                (no ring)
MPRegen 0.08/turn                (no ring)

@: no status effects
A: no striking features
a: Renounce Religion, Shatter the Chains


You were on level 1 of the Dungeon.
You worshipped Ashenzari.
Ashenzari was noncommittal.
You visited 1 branch of the dungeon, and saw 1 of its levels.

You collected 20 gold pieces.

Inventory:

Hand Weapons
 a - the cursed +1 dagger of the Profound Regret (weapon) {Cun, Melee}

   It has a curse which improves the following skills: Cunning: Dodging and
   Stealth.
   Melee Combat: Short Blades, Long Blades, Axes, Maces & Flails, Polearms,
   Staves and Unarmed Combat.
Missiles
 f - 3 stones (quivered)
Armour
 b - a +0 robe (worn)
Potions
 c - 2 potions of invisibility
 d - a potion of resistance {unknown}
 e - a potion of magic {unknown}
 g - a potion of attraction {unknown}


   Skills:
 * Level 0.8 Fighting
 - Level 0.8(1.1) Short Blades
 - Level 1.7(2.1) Dodging
 - Level 2.6(3.0) Stealth
 - Level 2.0 Spellcasting
 - Level 3.0 Hexes


You had 4 spell levels left.
You didn't know any spells.
Your spell library contained the following spells:

 Spells                   Type           Power      Damage    Failure   Level
 Ensorcelled Hibernation  Hex/Ice        12%        N/A       17%         2
 Confusing Touch          Hex            11%        N/A       19%         3
 Tukima's Dance           Hex            11%        N/A       19%         3
 Dazzling Flash           Conj/Hex       12%        N/A       32%         3
 Ozocubu's Armour         Ice            1%         N/A       52%         3
 Ozocubu's Refrigeration  Ice            0%         4d7       100%        7


Dungeon Overview and Level Annotations

Branches:
Dungeon (1/15)

Altars:
Ashenzari


Message History

The quokka is heavily wounded.
The quokka bites you.
You take 5 damage, and have 9/14 hp.
MASSIVE DAMAGE!!
You miss the quokka.
The quokka is heavily wounded.
The quokka bites you.
You take 1 damage, and have 8/14 hp.
You hit the quokka.
The quokka is almost dead.
The quokka bites you.
You take 2 damage, and have 6/14 hp.
You hit the quokka.
You kill the quokka!
A bat comes into view.
Found a stone staircase leading down.
A bat is nearby!
A bat comes into view.
Found a ring mail.
The bat hits you but does no damage.
You hit the bat.
The bat is heavily wounded.
The bat hits you. The bat hits you but does no damage.
You take 1 damage, and have 6/14 hp.
An endoplasm comes into view.
The bat barely misses you. The bat completely misses you.
You miss the bat.
The endoplasm quivers.
The bat hits you but does no damage. The bat closely misses you.
A ball python comes into view.
The ball python hisses angrily.
The bat hits you. The bat closely misses you. The bat barely misses you.
You take 1 damage, and have 5/14 hp.
The bat barely misses you. The bat closely misses you.
A jackal comes into view.
The jackal barks!
The bat closely misses you.
A jackal comes into view. x2
A goblin comes into view. It is wielding a +0 dagger.
The endoplasm freezes you.
You are frozen.
You die...

.###.# .##..#
............
.##.########............
........................
........##.#............
.......##.....#.........
.......##.#.###.#b......
.................S.[....
#...............@J......
#.......##......b...#...
#........#..............
#.......................
.##.###................g
. #...........>......h..
. #.######..........##h.
. ..# #..........# .h
... ...


You could see an endoplasm, 3 jackals, a goblin, 2 bats and a ball python.

Vanquished Creatures
  A quokka (D:1)
  A frilled lizard (D:1)
  A kobold (D:1)
3 creatures vanquished.

Notes
Turn   | Place    | Note
-------+----------+-------------------------------------------
     0 | D:1      | jasper the Demonspawn Enchanter began the quest for the
                  | Orb.
     0 | D:1      | Reached XP level 1. HP: 13/13 MP: 3/3
     7 | D:1      | Found a faded altar of an unknown god.
    16 | D:1      | Prayed at the altar of an unknown god.
    16 | D:1      | Became a worshipper of Ashenzari the Shackled
   296 | D:1      | Frozen to death by an endoplasm

Illustrated notes

Levels and vault maps discovered:
D:1:      dpeg_arrival_tiny_g, layout_rooms, chequers_ecumenical_altar_simple,
          minmay_tetromino_o2

Action                   || total
-------------------------++-------
Melee: Dagger            ||    18
Invok: Curse Item        ||     1
Armor: Robe              ||     5
Dodge: Dodged            ||    25

Table legend: (Time is in decaauts)
 A = Elapsed time spent in this place.
 B = Non-inter-level travel time spent in this place.
 C = Inter-level travel time spent in this place.
 D = Time resting spent in this place.
 E = Time spent auto-exploring this place.
 F = Levels seen in this place.
 G = Mean time per level.
                   A        B        C        D        E       F      G
               +--------+--------+--------+--------+--------+-----+--------+
         Total |    295 |    295 |      0 |    185 |     49 |   1 |  295.0 |
       Dungeon |    295 |    295 |      0 |    185 |     49 |   1 |  295.0 |
               +--------+--------+--------+--------+--------+-----+--------+

Top non-repeatable levels by time:
     D:1: 295 daAuts
